Cogmind - Beta 14 @@@ ROGUE MODE // 2024.08.16 @ 21:13:59 Player: albenzo Result: Destroyed by G-47 Trooper with Particle Gun Performance ------------- Evolutions (0) 0 Regions Visited (2) 400 Robots Destroyed (17) 85 Value Destroyed (399) 399 Prototype IDs (1) 20 Alien Tech Used (0) 0 Bonus (0) 0 TOTAL SCORE: 904 Bonus ------- None Cogmind --------- Core Integrity 0/250 Matter 234/300 Energy 280/280 System Corruption 0% Temperature Cool (18) Movement Treading (240) Ox1 Location -10/Mines Parts ------- > --- POWER (1) -------- Heavy Ion Engine > --- PROPULSION (2) --- Light Treads Compact Wheel > --- UTILITY (2) ------ Large Storage Unit Improved Targeting Computer > --- WEAPON (2) ------- Assault Rifle Assault Rifle > --- INVENTORY (15) --- Ion Engine Heavy Ion Engine Small Battery (100) High-capacity Matter Pod (151) Sensor Array Improved Terrain Scanner Improved Targeting Computer Light Assault Rifle Light Assault Rifle Mining Laser Peak State ------------ > --- POWER ------------ Heavy Ion Engine > --- PROPULSION ------- Light Treads Light Treads > --- UTILITY ---------- Large Storage Unit Improved Targeting Computer > --- WEAPON ----------- Assault Rifle Light Assault Rifle > --- INVENTORY -------- Ion Engine Heavy Ion Engine Light Treads Compact Wheel Compact Wheel Small Battery High-capacity Matter Pod Sensor Array Improved Terrain Scanner Improved Targeting Computer Assault Rifle Assault Rifle Light Assault Rifle Light Assault Rifle Mining Laser [Rating: 12] Favorites ----------- Power Heavy Ion Engine Engine Heavy Ion Engine Propulsion Light Treads Treads Light Treads Leg Aluminum Leg Wheel Compact Wheel Utility Large Storage Unit Device Seismic Detector Storage Large Storage Unit Processor Improved Targeting Computer Weapon Assault Rifle Ballistic Gun Assault Rifle Build | -11 -10 -10 ------- Run | Yrd Mat Min Slots Evolved . | . . . Power . | . . . Propulsion . | . . . Utility . | . . . Weapon . | . . . Parts Attached 16 | 3 8 5 Power 2 | . 2 . Engine 2 | . 2 . Core . | . . . Reactor . | . . . Propulsion 5 | 2 . 3 Treads 3 | 2 . 1 Leg . | . . . Wheel 2 | . . 2 Hover . | . . . Flight . | . . . Utility 5 | 1 4 . Device 2 | 1 1 . Storage 2 | . 2 . Processor 1 | . 1 . Hackware . | . . . Protection . | . . . Artifact . | . . . Weapon 4 | . 2 2 Energy Gun . | . . . Energy Cannon . | . . . Ballistic Gun 4 | . 2 2 Ballistic Cannon . | . . . Launcher . | . . . Special Weapon . | . . . Impact Weapon . | . . . Slashing Weapon . | . . . Piercing Weapon . | . . . Special Melee Weapon . | . . . Unidentified Prototypes 1 | . 1 . Parts Lost 6 | . 1 5 Power . | . . . Propulsion 3 | . . 3 Utility 1 | . 1 . Weapon 2 | . . 2 Highest Loss Streak 3 | . 1 3 To Critical Strikes . | . . . Average Slot Usage (%) 99 | . 99 97 Engine 14 | . 14 14 Treads 27 | . 28 24 Device 7 | . 9 . Storage 14 | . 14 14 Processor 5 | . 3 14 Ballistic Gun 27 | . 28 27 Peak Build Rating 12 | 7 12 12 Average Rating 10 | 6 9 11 On Entrance 8 | 6 7 12 Naked Turns . | . . . Heaviest Build 32 | 14 32 31 Greatest Support 40 | 40 40 40 Greatest Overweight (x) 1 | . . 1 Average Overweight (x) . | . . . Largest Inventory Capacity 15 | 8 15 15 Average Capacity 13 | 8 13 15 Most Carried 15 | 7 15 15 Average Carried 12 | 6 12 14 Final Capacity 15 | 8 15 15 Final Carried 15 | 7 15 10 Class Distribution -------------------- 100% | Mutant Dominant Class ---------------- Mutant | -10/Materials Mutant | -10/Mines Resources | -11 -10 -10 ----------- Run | Yrd Mat Min Matter Collected 716 | 242 285 189 Remotely . | . . . Salvage Created 602 | 28 385 189 Parts 41 | 3 31 7 Haulers Intercepted 2 | . 2 . Recyclers Shooed 1 | 1 . . Parts Field Recycled . | . . . Retrieved Matter . | . . . Parts Self-Destructed . | . . . Prevented . | . . . Kills | -11 -10 -10 ------- Run | Yrd Mat Min Combat Hostiles Destroyed 11 | . 7 4 Guns 11 | . 7 4 Classes Destroyed 6 | 1 5 . Worker 1 | . 1 . Tunneler 2 | 1 1 . Hauler 2 | . 2 . Watcher 1 | . 1 . Swarmer 3 | . 3 . Grunt 8 | . 4 4 Best Kill Streak 3 | 1 3 2 Combat Bots Only 3 | . 3 2 Max Kills in Single Turn 2 | 1 2 1 Gunslinging . | . . . Exploded . | . . . Melee . | . . . Uniques/NPCs Destroyed . | . . . Combat | -11 -10 -10 -------- Run | Yrd Mat Min Hostile Shots Fired 93 | . 37 56 Missed 13 | . 7 6 Damage Taken 1070 | . 365 705 Core 250 | . 26 224 Absorbed by Shields . | . . . Core Remaining (%) 100 | 100 . . Volleys Fired 73 | 3 36 34 Largest 2 | 2 2 2 Hottest 40 | 40 40 40 Shots Fired 145 | 6 72 67 Gun 145 | 6 72 67 Cannon . | . . . Launcher . | . . . Special . | . . . Kinetic 145 | 6 72 67 Thermal . | . . . Explosive . | . . . Electromagnetic . | . . . Robot Hit Streak 16 | 1 16 8 Robot Miss Streak 6 | 3 6 2 Penetration Max . | . . . Secondary Targets 3 | . 2 1 Max Gunslinging Chain 1 | . 1 1 Shots Hit Robots 104 | 2 50 52 Core Hits 36 | 1 22 13 Critical Kills 1 | . 1 . Critical Parts Destroyed 1 | . 1 . Critical Strikes 2 | . 2 . Destroy 2 | . 2 . Melee Attacks . | . . . Impact . | . . . Slashing . | . . . Piercing . | . . . Sneak Attacks . | . . . Combat Hostiles . | . . . Follow-up Attacks . | . . . Damage Inflicted 1135 | 21 554 560 Guns 1135 | 21 554 560 Cannons . | . . . Explosions . | . . . Melee . | . . . Ramming . | . . . Kinetic 1135 | 21 554 560 Thermal . | . . . Explosive . | . . . Electromagnetic . | . . . Impact . | . . . Slashing . | . . . Piercing . | . . . Highest Corruption . | . . . Average Corruption . | . . . Corruption Purged . | . . . Corruption Blocked . | . . . Overload Shots . | . . . Overflow Damage . | . . . Projectiles . | . . . Explosions . | . . . Melee . | . . . Knockbacks . | . . . Impact . | . . . Kinetic . | . . . Secondary . | . . . Self-Inflicted Damage . | . . . Shots . | . . . Rammed . | . . . Targets Rammed . | . . . Kicked . | . . . Crushed . | . . . Highest Temperature 52 | . 27 52 Average Temperature 12 | . 7 16 Received Heat Transfer 639 | . 186 453 Siege Activations . | . . . Robots Corrupted . | . . . Combat Hostiles . | . . . Parts Fried . | . . . Impact Corruptions . | . . . Robots Melted . | . . . Combat Hostiles . | . . . Parts Melted . | . . . Heat Transferred . | . . . Parts Sabotaged . | . . . Parts Stolen . | . . . Parts Stripped . | . . . Power Chain Reactions . | . . . Alert | -11 -10 -10 ------- Run | Yrd Mat Min Peak Influence 129 | 5 129 113 Initial 33 | . 3 33 Average 58 | 4 54 81 Maximum Alert Level . | . . . Low Security (%) 100 | 100 100 100 Level 1 . | . . . Level 2 . | . . . Level 3 . | . . . Level 4 . | . . . Level 5 . | . . . High Security . | . . . Max Security . | . . . Squads Dispatched . | . . . Investigation . | . . . Extermination . | . . . Reinforcement . | . . . Assault . | . . . Garrison . | . . . Intercept . | . . . Searches Triggered . | . . . Construction Impeded . | . . . Haulers Reinforced . | . . . Active Scanning Responses . | . . . Cargo Convoy Interrupts . | . . . Stealth | -11 -10 -10 --------- Run | Yrd Mat Min Distress Signals . | . . . Communications Jammed . | . . . Distress Signals . | . . . Times Spotted 25 | . 19 6 Peak Tracking Total 3 | . 3 2 Tactical Retreats . | . . . Traps | -11 -10 -10 ------- Run | Yrd Mat Min Traps Triggered . | . . . Indirectly . | . . . Trap Hack Attempts . | . . . Triggered . | . . . Disarmed 4 | . 4 . Reprogrammed . | . . . Reused . | . . . Traps Extracted . | . . . Installed . | . . . Triggered . | . . . Machines | -11 -10 -10 ---------- Run | Yrd Mat Min Machines Disabled 1 | . 1 . Max in Single Turn 1 | . 1 . Machines Repaired . | . . . Machines Dismantled . | . . . Machines Sabotaged . | . . . Overloaded Fab Kills . | . . . Hacking | -11 -10 -10 --------- Run | Yrd Mat Min Machines Accessed 9 | . 9 . Terminals 8 | . 8 . Fabricators . | . . . Repair Stations . | . . . Recycling Units 1 | . 1 . Scanalyzers . | . . . Garrison Access . | . . . Total Hacks 31 | . 31 . Successful 19 | . 19 . Failed 12 | . 12 . Catastrophic 1 | . 1 . Database Lockouts . | . . . Manual 10 | . 10 . Terminals 29 | . 29 . Fabricators . | . . . Repair Stations . | . . . Recycling Units 2 | . 2 . Scanalyzers . | . . . Garrison Access . | . . . Terminal Hacks 13 | . 13 . Branch Access Points 1 | . 1 . Locate Traps 4 | . 4 . Disarm Traps 2 | . 2 . Maintenance Status 1 | . 1 . Patrol Status 1 | . 1 . Transport Status 1 | . 1 . Hauler Manifests 1 | . 1 . Registered Components 1 | . 1 . Zone Layout 1 | . 1 . Fabricator Hacks . | . . . Repair Station Hacks . | . . . Recycling Unit Hacks . | . . . Scanalyzer . | . . . Garrison Access Hacks . | . . . Unauthorized Hacks 6 | . 6 . Terminals 4 | . 4 . Botnet 4 | . 4 . Fabricators . | . . . Repair Stations . | . . . Recycling Units 2 | . 2 . Reject 1 | . 1 . Mask 1 | . 1 . Scanalyzers . | . . . Garrison Access . | . . . Data Cores Recovered . | . . . Used . | . . . Hacking Detections 9 | . 9 . Full Trace Events . | . . . Feedback Events . | . . . Feedback Blocked . | . . . Robot Schematics Acquired . | . . . Robots Built . | . . . Authchips . | . . . Time . | . . . Total Robot Build Rating . | . . . Part Schematics Acquired . | . . . Parts Built . | . . . Authchips . | . . . Time . | . . . Total Part Build Rating . | . . . Parts Repaired . | . . . Time . | . . . Parts Recycled . | . . . Recycled Matter . | . . . Retrieved Matter . | . . . Retrieved Components . | . . . Parts Scanalyzed . | . . . Part Schematics Acquired . | . . . Parts Damaged . | . . . Bothacking | -11 -10 -10 ------------ Run | Yrd Mat Min Used RIF Installer . | . . . Robots Hacked . | . . . Non-combat . | . . . Combat . | . . . Robot Hacks Applied . | . . . Relay Couplers Released . | . . . Fabnet Peak Effective % . | . . . Robots Rewired . | . . . Allies Hacked . | . . . Hacks Repelled . | . . . Allies | -11 -10 -10 -------- Run | Yrd Mat Min Total Allies . | . . . Largest Group . | . . . Highest-Rated Group . | . . . Highest-Rated Ally . | . . . Total Orders . | . . . Ally Attacks . | . . . Total Damage . | . . . Kills . | . . . Allies Corrupted . | . . . Allies Melted . | . . . Intel | -11 -10 -10 ------- Run | Yrd Mat Min Robot Analysis Total . | . . . Derelict Logs Recovered . | . . . Drone Launches . | . . . Drone Recoveries . | . . . Exploration | -11 -10 -10 ------------- Run | Yrd Mat Min Turns Passed 1481 | 39 1166 276 Spaces Moved 737 | 18 613 106 Core . | . . . Treads 714 | 9 613 92 Legs 9 | 9 . . Wheels 14 | . . 14 Hover . | . . . Flight . | . . . Fastest Speed 115 | 120 160 115 Average Speed 158 | 140 160 154 Slowest Speed 160 | 160 160 160 Overloaded Moves . | . . . Propulsion Burnouts . | . . . Robots Hopped . | . . . Cave-ins Triggered . | . . . Exploration Rate (%) 38 | 3 99 13 Regions Visited 2 Branch Regions 1 Pre-discovered Areas . | . . . Known Exits Taken 1 | . 1 . Unknown Exits Taken 1 | 1 . . Scrap Searched . | . . . Spaces Dug . | . . . Terrain Destroyed . | . . . Melee . | . . . Projectile . | . . . AOE . | . . . Terrain Rammed . | . . . Walls Destroyed . | . . . Machines Disabled . | . . . Actions | -11 -10 -10 --------- Run | Yrd Mat Min Total 920 | 25 738 157 Wait 75 | 1 62 12 Move 735 | 17 612 106 Hop . | . . . Pick Up 12 | 1 11 . Fast Attach 3 | 1 2 . Attach 5 | . . 5 Detach . | . . . Swap 8 | 2 6 . Drop 9 | . 9 . Fire 73 | 3 36 34 Melee . | . . . Ram . | . . . Kick . | . . . Crush . | . . . Escape Stasis . | . . . Rewire . | . . . Trap . | . . . Miscellaneous . | . . . Route ------- -11/Scrapyard -10/Materials (discovered 5 exits: [*Mat x3] / *Min / [*Sub]) -10/Mines (discovered 1 exit: [*Mat]) History --------- Turn | Location | Event 1 | -11/Scrapyard | Discovered new exit (range 3) 40 | -11/Scrapyard | Entered Materials 260 | -10/Materials | Discovered new exit (range 16) 315 | -10/Materials | Build established: Mutant 352 | -10/Materials | Discovered new exit (range 11) 578 | -10/Materials | Identified exit to Mines 630 | -10/Materials | Discovered new exit (range 9) 1026 | -10/Materials | Discovered new exit (range 9) 1195 | -10/Materials | Discovered new exit (range 11) 1206 | -10/Materials | Entered Mines 1331 | -10/Mines | Discovered new exit (range 4) 1397 | -10/Mines | Core integrity fell below 50% 1463 | -10/Mines | Core integrity fell below 20% 1482 | -10/Mines | Destroyed by G-47 Trooper with Particle Gun Last Messages --------------- 01211_ Critical hit (Burn: +37). 01223_ G-34 Mercenary destroyed. 01223_ Switching to secondary target: G-47 Trooper. 01243_ G-47 Trooper destroyed. 01246_ Acquired 35 matter. 01247_ Acquired 51 matter. 01278_ R-06 Scavenger collects Ion Engine. 01283_ R-06 Scavenger collects Imp. Heat Sink. 01287_ R-06 Scavenger collects Aluminum Leg. 01291_ K-01 Serf collects debris. 01331_ EXIT=FOUND 01404_ Lgt. Treads destroyed. 01416_ G-47 Trooper destroyed. 01422_ G-34 Mercenary destroyed. 01429_ Acquired 103 matter. 01452_ Com. Wheel destroyed. 01458_ Assault Rifle destroyed. 01460_ Lgt. Assault Rifle destroyed. 01473_ Destroyed Lgt. Nuclear Core. 01476_ Critical hit (Burn: +37). Map ----- +----------------------------------------------------+ | ?????????????????????????########??? | | ?????????????????????????# #??? | | ?????????????????????????# #??? | | ?????????????????????????# < #??? | | ?????????????????????????# #??? | | ?????????????????????????##### ##??? | | ???????????????????????????### #???? | | ???????????????????????????# #???? | | ???????????????????????????# ###???? | | ???????????????????????????# #?????? | | ???????????????????????????# #?????? | | ???????????????????????????# #?????? | | ???????????????????????#???# #?????? | | ??????????????????????# ???# #?????? | | ?????????????????????? ???# #?????? | | ?????????????????????? ???# #?????? | | ?????????????????????? ???# #?????? | | ?????????????????????# ???# #?????? | | ????????????????????## ???# #?????? | | ???????????????????## ???# #?????? | | ??????????????????## ##### #?????? | | ?????????????????## ## #?????? | | ?????????????????? ## ####?????? | | ???????????????????# ## #????????? | | ????????????????????# ## #????????? | | ????????????????????# ##@#????????? | | ????????????????????# ##g#####????? | | ????????????????????# g=! #????? | | ????????????????????# #????? | | ????????????????????######## #????? | | ???????????????????????????# #????? | | ?????????????????????????### ####?? | | ?????????????????????????# #?? | | ?????????????????????????# """ #?? | | ?????????????????????##### """ #?? | | ?????????????????????# """ #?? | | ?????????????????????# ### #?? | | ?????????????????????# #?# #?? | | ?????????????????????# #?# #?? | | ?????????????????????# ### #?? | | ?????????????????????# = #?? | | ?????????????????????# ###########?? | | ?????????????????????# #???????????? | | ?????????????????????# #???????????? | | ?????????????????????# #???????????? | | ????????????????????? #???????????? | | ????????????????????? #???????????? | | ????????????????????? ???????????? | | ????????????????????? ???????????? | | ????????????????????? ???????????? | +----------------------------------------------------+ Best States ------------- Heat Dissipation 25 Energy Generation 14 Energy Capacity 280 Matter Stores 300 Matter Capacity 300 Sight Range 16 Robot Scan Range 14 Terrain Scan Density 10 Evasion (%) 40 Targeting Accuracy 6 Recoil Reduction 2 Item Schematics ----------------- None Robot Schematics ------------------ None Fabricated ------------ Nothing Alien Tech Used ----------------- None Achievements -------------- None Challenges ------------ None Game ------ Seed TerrabombDeuteriumJammer Manual? 0 Play Time 00:11:58 Cumulative 159.1 hours Start 2024.08.16 @ 21:03:18 End 2024.08.16 @ 21:13:59 Sessions 1 Manual Loads 0 Difficulty Rogue Special Mode None Game No. 126 Rogue 126 Adventurer 0 Explorer 0 Win Type - Total 11 Types 7/0/3/1/0/0/0/0/0 Lore% 69 Gallery% 66 Achievement% 62 Wizard Run 0 Options --------- Layout 0 ASCII 0 Keyboard 1 Movement Vi Keybinds 0 Fullscreen 2 Font 24/Smallcaps Map View 76x50 Zoom Use 0% Tactical HUD 1 Map Filters NONE Filters NONE Steam 1 RUN: 4931f0f8-d08e-414d-bf9a-ce109630928d